 Dungeon Crawl Stone Soup version 0.31-a0-83-gbff143cfd1 (webtiles) character file.

Game seed: 9802379094189831535

83 Strat the Sneak (level 4, 0/27 HPs)
             Began as a Kobold Brigand on May 24, 2023.
             Slain by an adder (3 damage)
             ... on level 3 of the Dungeon.
             The game lasted 00:03:17 (1378 turns).

Strat the Sneak (Kobold Brigand)                    Turns: 1378, Time: 00:03:17

Health: 0/27       AC:  3    Str:  8    XL:     4   Next: 71%
Magic:  4/4        EV: 15    Int: 12    God:
Gold:   104        SH:  0    Dex: 18    Spells: 3/3 levels left

rFire   + . .        a - +2 dagger
rCold   + . .        (no shield)
rNeg    . . .        b - +0 robe
rPois   +            (no helmet)
rElec   +            c - +0 cloak
rCorr   +            (no gloves)
SInv    .            (no boots)
Will    +....        (no amulet)
Stlth   ++++         (no ring)
HPRegen 0.24/turn    (no ring)
MPRegen 0.09/turn

%: no passive effects
@: lethally poisoned (0 -> -1), resistant, attractive, enlightened, flying
A: small, no large weapons, nightstalker 3
a: no special abilities


You were on level 3 of the Dungeon.
You visited 1 branch of the dungeon, and saw 3 of its levels.

You collected 104 gold pieces.

Inventory:

Hand Weapons
 a - a +2 dagger (weapon)
Missiles
 d - 9 poisoned darts (quivered)
 e - 3 curare-tipped darts
Armour
 b - a +0 robe (worn)
 c - a +0 cloak (worn)
Jewellery
 p - a ring of positive energy
 q - the ring of the Philosopher {Drain rN+ Int+3 SInv Stlth+}
   (You found it on level 2 of the Dungeon)

   [ring of see invisible]

   Int:       It affects your intelligence (+3).
   rN:        It protects you from negative energy.
   SInv:      It lets you see invisible.
   Drain:     It drains your maximum health when unequipped.
   Stlth:     It makes you more stealthy.
Scrolls
 g - 3 scrolls of enchant weapon {unknown}
 h - a scroll of immolation {unknown}
 i - a scroll of fog {unknown}
 m - a scroll of acquirement {unknown}
 o - a scroll of identify {unknown}
 r - a scroll of teleportation {unknown}
Potions
 l - a potion of curing {unknown}
 n - a potion of haste {unknown}
 s - a potion of invisibility {unknown}


   Skills:
 + Level 2.7 Fighting
 * Level 4.1 Short Blades
 - Level 2.1 Throwing
 + Level 2.3 Dodging
 * Level 6.3 Stealth


You had 3 spell levels left.
You didn't know any spells.
Your spell library contained the following spells:

 Spells                   Type           Power      Damage    Failure   Level
 Apportation              Tloc           0%         N/A       32%         1
 Necrotise                Necr           0%         1d4       32%         1
 Summon Small Mammal      Summ           0%         N/A       32%         1


Dungeon Overview and Level Annotations

Branches:
Dungeon (3/15)

Altars:


Innate Abilities, Weirdness & Mutations

You are small and have problems with some larger weapons.
You are completely attuned to the shadows.


Message History

You closely miss the adder.
The adder is heavily wounded.
You feel sick. The adder closely misses you.
You closely miss the adder.
The adder is heavily wounded.
You feel sick. The adder bites you but does no damage.
You barely miss the adder.
The adder is heavily wounded.
You feel sick. The adder misses you.
You barely miss the adder.
The adder is heavily wounded.
The adder bites you but does no damage.
You hit the adder.
The adder is severely wounded.
You feel sick. The adder closely misses you.
You hit the adder.
The adder is almost dead.
You feel sick.
You are no longer poisoned.
The adder bites you.
* * * LOW HITPOINT WARNING * * *
You are poisoned.
The adder poisons you!
It was a potion of resistance.
You feel protected.
You feel sick. The adder bites you.
* * * LOW HITPOINT WARNING * * *
You miss the adder.
The adder is almost dead.
The adder closely misses you.
You closely miss the adder.
The adder is almost dead.
You feel sick. The adder barely misses you.
It was a potion of attraction.
You feel attractive to monsters.
You feel sick. The adder misses you.
It was a potion of enlightenment.
You feel very buoyant.
You fly up into the air.
You feel sick. The adder bites you.
You die...

#.# #.# #. #.# .. #.. .
#.##.# ..###.# ...#)
#.##.#
....#r###...#.##.##.###
.....KS@..............##
...)..###...#.##.##.....
....................>.##
..................##..#
..###.####..#.###.##..##
.. ...# ##..#...........
... ..............)##
###..#.###.##..##
#..#.........##


You could see an adder, a kobold and a rat.

Vanquished Creatures
  An orc wizard (D:3)
  An adder (D:2)
  A dart slug (D:1)
  2 orcs (D:3)
  3 bats
  6 endoplasms
  2 giant cockroaches (D:1)
  6 goblins
  4 hobgoblins
  2 kobolds
  3 quokkas
  5 ball pythons
  2 frilled lizards
  A rat (D:2)
39 creatures vanquished.

Notes
Turn   | Place    | Note
-------+----------+-------------------------------------------
     0 | D:1      | Strat the Kobold Brigand began the quest for the Orb.
     0 | D:1      | Reached XP level 1. HP: 12/12 MP: 1/1
   147 | D:1      | Reached XP level 2. HP: 17/17 MP: 2/2
   667 | D:1      | Reached XP level 3. HP: 22/22 MP: 3/3
   877 | D:2      | Reached skill level 6 in Stealth
   879 | D:2      | Identified the ring of the Philosopher {Drain rN+ Int+3
                  | SInv Stlth+}
  1168 | D:2      | Reached XP level 4. HP: 20/27 MP: 4/4
  1378 | D:3      | Slain by an adder

Illustrated notes

Levels and vault maps discovered:
D:1:      dpeg_arrival_orchard, layout_loops_ring,
          nicolae_kite_square_tiling_tiny, minmay_statues_item
D:2:      layout_rooms, basic_altar
D:3:      layout_basic, uniq_sigmund

Skill      XL: |  1  2  3  4 |
---------------+-------------+-----
Short Blades   | 3 4 |  4.1
Stealth        | 6 |  6.3
Dodging        | 2 |  2.3
Fighting       | |  2.7
Throwing       | |  2.1

Action                     |  1- 3 |  4- 6 || total
---------------------------+-------+-------++-------
  Melee: Dagger            |    72 |    29 ||   101
         Punch             |     1 |       ||     1
    Use: Potion            |       |     3 ||     3
   Stab: Sleeping          |    14 |     4 ||    18
 Armour: Robe              |     5 |     4 ||     9
  Dodge: Dodged            |    38 |    22 ||    60

Table legend: (Time is in decaauts)
 A = Elapsed time spent in this place.
 B = Non-inter-level travel time spent in this place.
 C = Inter-level travel time spent in this place.
 D = Time resting spent in this place.
 E = Time spent auto-exploring this place.
 F = Levels seen in this place.
 G = Mean time per level.
                   A        B        C        D        E       F      G
               +--------+--------+--------+--------+--------+-----+--------+
         Total |   1359 |   1339 |     20 |     29 |   1027 |   3 |  453.0 |
       Dungeon |   1359 |   1339 |     20 |     29 |   1027 |   3 |  453.0 |
               +--------+--------+--------+--------+--------+-----+--------+

Top non-repeatable levels by time:
     D:1: 788 daAuts
     D:2: 441 daAuts
     D:3: 130 daAuts
